Stars vs Devils

Created - November-08-13 at 17:33

Goals
1 2 3 OT1 T
Stars 1 0 3 1 5
Devils 1 1 2 0 4
Shots
1 2 3 OT1 T
Stars 8 10 12 4 34
Devils 11 15 8 0 34

1st period

1. Stars , Marcel Goc 2 (Devin Setoguchi, Jay Bouwmeester) at 4:59
2. Devils , Sergei Gonchar 5 (Mark Letestu) at 12:15 (PP)

Penalties :
Jason Pominville (DAL) for Slashing (Minor) at 0:49, Jay Bouwmeester (DAL) for Tripping (Minor) at 0:56, Vladimir Sobotka (NJD) for Holding (Minor) at 5:10, Derick Brassard (DAL) for Slashing (Minor) at 7:42, Mike Komisarek (DAL) for Hooking (Minor) at 12:13, Devin Setoguchi (DAL) for Hooking (Minor) at 15:11

2nd period

3. Devils , Brenden Dillon 2 (Jonathan Huberdeau) at 0:04

Penalties :
Brenden Dillon (NJD) for Boarding (Minor) at 0:25, Mike Komisarek (DAL) for Slashing (Minor) at 5:26, Zach Bogosian (DAL) for High sticking (Minor) at 9:11, Jonathan Huberdeau (NJD) for Roughing (Minor) at 12:46, Mike Komisarek (DAL) for Hooking (Minor) at 16:31, Marcel Goc (DAL) for Roughing (Minor) at 17:30

3rd period

4. Devils , Artem Anisimov 5 (Saku Koivu, Brenden Dillon) at 0:51
5. Stars , Marc Staal 5 (Zach Bogosian, Paul Stastny) at 7:37 (PP)
6. Devils , Mark Letestu 8 (James van Riemsdyk, Jonathan Huberdeau) at 11:47
7. Stars , Jason Pominville 7 (Paul Stastny, Zach Bogosian) at 15:31
8. Stars , Derick Brassard 4 (Roman Josi, Patrik Elias) at 16:58

Penalties :
Brenden Dillon (NJD) for Roughing (Minor) at 6:25, Vladimir Sobotka (NJD) for Slashing (Minor) at 18:10

Overtime #1

9. Stars , Jason Pominville 8 (Jay Bouwmeester, Paul Stastny) at 3:12

Penalties :
No Penalty

Goalie Stats

Semyon Varlamov (DAL), 30 saves from 34 shots - (0.882), W, 4-5-1, 63:13 minutes
Sergei Bobrovsky (NJD), 29 saves from 34 shots - (0.853), OTL, 12-2-3, 63:13 minutes

Players Stats for Stars

Player Name              G  A  P  +/- PIM S  H  SB GA TA FO     MP     PP MP  PK MP  
------------------------------------------------------------------------------------
Alex Galchenyuk          0  0  0   0  0   0  0  0  0  0  0/0     3:45   0:49   0:32 
Andy Greene              0  0  0  -1  0   0  1  3  0  0  0/0    23:58   1:01   6:58 
Colin Wilson             0  0  0  -1  0   1  1  0  0  0  0/0    17:58   4:00   0:00 
David Moss               0  0  0   0  0   0  1  1  0  0  1/3     9:39   0:00   7:15 
Derick Brassard          1  0  1   0  2   2  0  0  0  0  5/15   13:58   0:00   0:00 
Devin Setoguchi          0  1  1   1  2   0  0  0  0  0  0/0     7:38   0:00   0:00 
Jarome Iginla            0  0  0   0  0   4  4  0  0  0  0/0    19:53   4:49   0:00 
Jason Pominville         2  0  2   0  2   5  1  0  0  0  0/1    23:04   4:09   2:50 
Jay Bouwmeester          0  2  2   3  2   2  1  0  0  0  0/0    24:17   2:48   5:18 
Keith Aucoin             0  0  0   0  0   0  0  0  0  0  1/3     2:34   0:00   0:10 
Marc Staal               1  0  1   0  0   5  0  1  0  0  0/0    29:22   6:10   6:43 
Marcel Goc               1  0  1   1  2   3  0  0  0  0  13/22  14:48   0:00   7:09 
Mike Komisarek           0  0  0  -1  6   0  2  1  0  0  0/0     9:00   0:00   0:00 
Patrik Elias             0  1  1   0  0   3  0  0  0  0  8/9    19:53   4:49   0:00 
Paul Stastny             0  3  3   0  0   4  0  0  0  0  26/39  25:30   4:09   5:15 
Roman Josi               0  1  1  -1  0   1  0  1  0  0  0/0    18:28   2:48   6:37 
Tyler Ennis              0  0  0   1  0   1  0  0  0  0  2/2    11:48   4:09   0:00 
Zach Bogosian            0  2  2   2  2   3  0  0  0  0  0/0    21:16   5:09   0:27 

Players Stats for Devils

Player Name              G  A  P  +/- PIM S  H  SB GA TA FO     MP     PP MP  PK MP  
------------------------------------------------------------------------------------
Ales Hemsky              0  0  0  -1  0   0  0  0  0  0  0/1    13:43   6:31   0:00 
Artem Anisimov           1  0  1  -1  0   3  3  0  0  0  7/17   20:30   7:08   0:00 
Brenden Dillon           1  1  2   0  4   6  7  4  0  0  0/0    25:18   7:16   2:58 
Carl Hagelin             0  0  0   0  0   5  2  0  0  0  0/3    24:04   7:08   5:04 
Clarke MacArthur         0  0  0  -1  0   0  0  0  0  0  0/0     8:38   0:01   1:25 
James van Riemsdyk       0  1  1   1  0   3  4  0  0  0  1/3    20:31   6:30   0:00 
Jonathan Huberdeau       0  2  2   1  2   4  2  1  0  0  7/22   21:59   5:54   2:05 
Mark Letestu             1  1  2   1  0   2  0  0  0  0  3/6    19:55   5:54   0:00 
Mark Streit              0  0  0  -1  0   0  1  0  0  0  0/0    17:07   5:46   0:00 
Mike Weaver              0  0  0  -2  0   0  2  1  0  0  0/0    13:33   0:00   1:00 
Nikita Nikitin           0  0  0   0  0   3  4  0  0  0  0/0    24:30   5:46   4:08 
Niklas Hjalmarsson       0  0  0   0  0   0  0  2  0  0  0/0    19:46   0:00   5:10 
Saku Koivu               0  1  1   0  0   1  1  0  0  0  11/22  17:18   0:00   3:53 
Sergei Gonchar           1  0  1   1  0   5  0  2  0  0  0/0    26:10   7:16   5:00 
Tommy Wingels            0  0  0   0  0   1  0  0  0  0  1/2     8:57   0:00   2:29 
Trevor Lewis             0  0  0   0  0   0  0  0  0  0  0/0     4:55   0:00   0:00 
Tyler Johnson            0  0  0   0  0   0  0  0  0  0  2/3     4:55   0:00   0:00 
Vladimir Sobotka         0  0  0  -2  4   1  1  0  0  0  6/15   11:50   0:00   3:10 

3 Stars

1 - Brenden Dillon (NJD)
2 - Mark Letestu (NJD)
3 - Jason Pominville (DAL)

Power Play

Stars - 1 on 5 Attempt(s) - 20.00%
Devils - 1 on 9 Attempt(s) - 11.11%

Penalty Kill

Stars - 8 on 9 Attempt(s) - 88.89% - Score 0 goal in Penalty Kill
Devils - 4 on 5 Attempt(s) - 80.00% - Score 0 goal in Penalty Kill

Official

Referees : Graham Skiliter and Justin StPierre
Linesman : Brad Lazarowich and Vaughan Rody

Game Notes

No Game Note

Finance

Level 1 -- Attendance: 6000 (100.00%) -- Ticket Income $666,000
Level 2 -- Attendance: 4643 (92.86%) -- Ticket Income $325,010
Level 3 -- Attendance: 2000 (100.00%) -- Ticket Income $122,000
Level 4 -- Attendance: 2836 (78.23%) -- Ticket Income $56,720
Luxury Box -- Attendance: 1000 (100.00%) -- Ticket Income $165,000
Game was played at the Prudential Center
Total Attendance: 16479 (93.50%)
Total Ticket Income: $1,334,730
Other Income: $200,210
Total Income: $1,534,940


% Time on Ice - Stars

Lines # - Real PCT - Wanted PCT - Time Play
Normal Forward
1 - 37% - 35% - 13:59
2 - 37% - 35% - 13:58
3 - 20% - 20% - 7:39
4 - 6% - 10% - 2:24
Normal Defense
1 - 38% - 35% - 14:22
2 - 37% - 34% - 14:05
3 - 24% - 26% - 9:03
4 - 1% - 5% - 0:30
PP Forward
1 - 54% - 55% - 4:49
2 - 46% - 45% - 4:09
PP Defense
1 - 69% - 65% - 6:10
2 - 31% - 35% - 2:48
PK Forward
1 - 72% - 60% - 7:20
2 - 28% - 40% - 2:50
PK Defense
1 - 48% - 60% - 4:54
2 - 52% - 40% - 5:16
PK3 Forward
1 - 67% - 60% - 1:56
2 - 33% - 40% - 0:56
PK3 Defense
1 - 46% - 60% - 1:19
2 - 54% - 40% - 1:33
44 Forward
1 - 66% - 60% - 2:08
2 - 34% - 40% - 1:05
44 Defense
1 - 50% - 60% - 1:37
2 - 50% - 40% - 1:36
Last Minute Offensive  - 0:00
Last Minute Defensive  - 0:00
Total
Forward - 63:13
Defense - 63:13

% Time on Ice - Devils

Lines # - Real PCT - Wanted PCT - Time Play
Normal Forward
1 - 37% - 35% - 14:01
2 - 31% - 30% - 11:52
3 - 19% - 20% - 7:12
4 - 13% - 15% - 4:55
Normal Defense
1 - 34% - 35% - 13:03
2 - 36% - 35% - 13:36
3 - 29% - 20% - 11:03
4 - 1% - 10% - 0:18
PP Forward
1 - 55% - 60% - 7:08
2 - 45% - 40% - 5:54
PP Defense
1 - 44% - 60% - 5:46
2 - 56% - 40% - 7:16
PK Forward
1 - 72% - 55% - 6:29
2 - 28% - 45% - 2:29
PK Defense
1 - 46% - 55% - 4:08
2 - 54% - 45% - 4:50
PK3 Forward
1 - 100% - 50% - 0:10
2 - 0% - 50% - 0:00
PK3 Defense
1 - 100% - 55% - 0:10
2 - 0% - 45% - 0:00
44 Forward
1 - 51% - 50% - 1:33
2 - 49% - 50% - 1:30
44 Defense
1 - 51% - 50% - 1:33
2 - 49% - 50% - 1:30
Last Minute Offensive  - 0:00
Last Minute Defensive  - 0:00
Total
Forward - 63:13
Defense - 63:13

Play by Play

1st period


0:01 of 1st period - Derick Brassard wins face-off versus Jonathan Huberdeau in neutral zone.
0:01 of 1st period - Andy Greene is hit by James van Riemsdyk and loses puck.
0:14 of 1st period - Shot by Jonathan Huberdeau.
0:14 of 1st period - Shot Hit the Post.
0:21 of 1st period - Jarome Iginla is hit by James van Riemsdyk and loses puck.
0:40 of 1st period - Patrik Elias is hit by Nikita Nikitin.
0:49 of 1st period - Minor Penalty to Jason Pominville for Slashing.
0:50 of 1st period - Artem Anisimov wins face-off versus Marcel Goc in Stars zone.
0:51 of 1st period - Shot by Sergei Gonchar.
0:51 of 1st period - Stopped by Semyon Varlamov without a rebound.
0:52 of 1st period - Marcel Goc wins face-off versus Artem Anisimov in Stars zone.
0:56 of 1st period - Minor Penalty to Jay Bouwmeester for Tripping.
0:57 of 1st period - Artem Anisimov wins face-off versus Marcel Goc in Stars zone.
1:10 of 1st period - Shot by Brenden Dillon.
1:10 of 1st period - Shot Misses the Net.
1:58 of 1st period - Shot by Mark Streit.
1:58 of 1st period - Shot Misses the Net.
2:20 of 1st period - Shot by Nikita Nikitin.
2:20 of 1st period - Stopped by Semyon Varlamov with a rebound.
3:07 of 1st period - Tommy Wingels is hit by Jarome Iginla and loses puck.
3:15 of 1st period - Jarome Iginla is hit by Brenden Dillon and loses puck.
3:20 of 1st period - Shot by Derick Brassard.
3:20 of 1st period - Shot Misses the Net.
3:22 of 1st period - Shot by Jay Bouwmeester.
3:22 of 1st period - Shot Misses the Net.
3:30 of 1st period - Shot by Patrik Elias.
3:30 of 1st period - Shot Blocked by Sergei Gonchar.
3:32 of 1st period - Shot by Jay Bouwmeester.
3:32 of 1st period - Stopped by Sergei Bobrovsky without a rebound.
3:33 of 1st period - Saku Koivu wins face-off versus Paul Stastny in Devils zone.
3:46 of 1st period - Shot by Colin Wilson.
3:46 of 1st period - Shot Misses the Net.
3:48 of 1st period - Shot by Roman Josi.
3:48 of 1st period - Shot Misses the Net.
3:50 of 1st period - Shot by Jason Pominville.
3:50 of 1st period - Shot Misses the Net.
3:52 of 1st period - Shot by Roman Josi.
3:52 of 1st period - Shot Misses the Net.
4:16 of 1st period - Paul Stastny is hit by Carl Hagelin and loses puck.
4:57 of 1st period - Shot by Devin Setoguchi.
4:57 of 1st period - Shot Blocked by Mike Weaver.
4:59 of 1st period - Shot by Marcel Goc.
4:59 of 1st period - Goal by Marcel Goc - Stars : 1 - Devils : 0.
5:00 of 1st period - Keith Aucoin wins face-off versus Vladimir Sobotka in neutral zone.
5:10 of 1st period - Minor Penalty to Vladimir Sobotka for Holding.
5:11 of 1st period - Patrik Elias wins face-off versus Jonathan Huberdeau in Devils zone.
5:38 of 1st period - Shot by Jarome Iginla.
5:38 of 1st period - Stopped by Sergei Bobrovsky without a rebound.
5:39 of 1st period - Saku Koivu wins face-off versus Paul Stastny in Devils zone.
6:41 of 1st period - Shot by Patrik Elias.
6:41 of 1st period - Shot Misses the Net.
6:55 of 1st period - Shot by Zach Bogosian.
6:55 of 1st period - Stopped by Sergei Bobrovsky without a rebound.
6:56 of 1st period - Paul Stastny wins face-off versus Jonathan Huberdeau in Devils zone.
7:26 of 1st period - Shot by Brenden Dillon.
7:26 of 1st period - Shot Misses the Net.
7:28 of 1st period - Shot by Sergei Gonchar.
7:28 of 1st period - Stopped by Semyon Varlamov without a rebound.
7:29 of 1st period - Tyler Johnson wins face-off versus Derick Brassard in Stars zone.
7:42 of 1st period - Minor Penalty to Derick Brassard for Slashing.
7:43 of 1st period - Artem Anisimov wins face-off versus Marcel Goc in Stars zone.
8:14 of 1st period - Shot by Nikita Nikitin.
8:14 of 1st period - Shot Misses the Net.
9:24 of 1st period - Shot by Nikita Nikitin.
9:24 of 1st period - Shot Misses the Net.
9:26 of 1st period - Shot by James van Riemsdyk.
9:26 of 1st period - Stopped by Semyon Varlamov without a rebound.
9:27 of 1st period - Artem Anisimov wins face-off versus Marcel Goc in Stars zone.
10:01 of 1st period - Icing by Zach Bogosian.
10:02 of 1st period - Derick Brassard wins face-off versus Vladimir Sobotka in Stars zone.
10:12 of 1st period - Shot by Patrik Elias.
10:12 of 1st period - Stopped by Sergei Bobrovsky with a rebound.
10:14 of 1st period - Shot by Derick Brassard.
10:14 of 1st period - Stopped by Sergei Bobrovsky with a rebound.
10:46 of 1st period - Shot by Jason Pominville.
10:46 of 1st period - Shot Blocked by Brenden Dillon.
10:48 of 1st period - Shot by Marc Staal.
10:48 of 1st period - Stopped by Sergei Bobrovsky without a rebound.
10:49 of 1st period - Paul Stastny wins face-off versus Jonathan Huberdeau in Devils zone.
10:49 of 1st period - Paul Stastny is hit by Mark Streit.
10:55 of 1st period - Shot by Jason Pominville.
10:55 of 1st period - Shot Blocked by Jonathan Huberdeau.
12:13 of 1st period - Minor Penalty to Mike Komisarek for Hooking.
12:14 of 1st period - Mark Letestu wins face-off versus Marcel Goc in Stars zone.
12:15 of 1st period - Shot by Sergei Gonchar.
12:15 of 1st period - Goal by Sergei Gonchar - Stars : 1 - Devils : 1.
12:16 of 1st period - Vladimir Sobotka wins face-off versus Derick Brassard in neutral zone.
12:27 of 1st period - Icing by Brenden Dillon.
12:28 of 1st period - Marcel Goc wins face-off versus Vladimir Sobotka in Devils zone.
12:35 of 1st period - Shot by Marcel Goc.
12:35 of 1st period - Stopped by Sergei Bobrovsky without a rebound.
12:36 of 1st period - Paul Stastny wins face-off versus Jonathan Huberdeau in Devils zone.
14:50 of 1st period - Shot by Vladimir Sobotka.
14:50 of 1st period - Stopped by Semyon Varlamov with a rebound.
15:11 of 1st period - Minor Penalty to Devin Setoguchi for Hooking.
15:12 of 1st period - Artem Anisimov wins face-off versus Marcel Goc in Stars zone.
15:27 of 1st period - Shot by Carl Hagelin.
15:27 of 1st period - Stopped by Semyon Varlamov without a rebound.
15:28 of 1st period - Marcel Goc wins face-off versus Ales Hemsky in Stars zone.
16:29 of 1st period - Shot by Artem Anisimov.
16:29 of 1st period - Stopped by Semyon Varlamov with a rebound.
16:31 of 1st period - Shot by Brenden Dillon.
16:31 of 1st period - Shot Misses the Net.
16:33 of 1st period - Shot by Brenden Dillon.
16:33 of 1st period - Stopped by Semyon Varlamov without a rebound.
16:34 of 1st period - David Moss wins face-off versus Artem Anisimov in Stars zone.
16:34 of 1st period - David Moss is hit by Carl Hagelin.
17:47 of 1st period - Icing by Roman Josi.
17:48 of 1st period - Paul Stastny wins face-off versus Vladimir Sobotka in Stars zone.
18:52 of 1st period - Shot by Brenden Dillon.
18:52 of 1st period - Stopped by Semyon Varlamov with a rebound.
18:54 of 1st period - Shot by Mark Letestu.
18:54 of 1st period - Shot Blocked by Andy Greene.
19:09 of 1st period - Shot by Jonathan Huberdeau.
19:09 of 1st period - Stopped by Semyon Varlamov without a rebound.
19:10 of 1st period - Marcel Goc wins face-off versus Artem Anisimov in Stars zone.
19:49 of 1st period - Shot by Tyler Ennis.
19:49 of 1st period - Shot Blocked by Niklas Hjalmarsson.

2nd period


0:01 of 2nd period - Jonathan Huberdeau wins face-off versus Paul Stastny in neutral zone.
0:04 of 2nd period - Shot by Brenden Dillon.
0:04 of 2nd period - Goal by Brenden Dillon - Stars : 1 - Devils : 2.
0:05 of 2nd period - Paul Stastny wins face-off versus Jonathan Huberdeau in neutral zone.
0:05 of 2nd period - Jason Pominville is hit by Jonathan Huberdeau.
0:11 of 2nd period - Shot by Paul Stastny.
0:11 of 2nd period - Stopped by Sergei Bobrovsky without a rebound.
0:12 of 2nd period - Paul Stastny wins face-off versus Jonathan Huberdeau in Devils zone.
0:24 of 2nd period - Jason Pominville is hit by Brenden Dillon and loses puck.
0:25 of 2nd period - Minor Penalty to Brenden Dillon for Boarding.
0:26 of 2nd period - Patrik Elias wins face-off versus Vladimir Sobotka in Devils zone.
0:59 of 2nd period - Shot by Colin Wilson.
0:59 of 2nd period - Shot Misses the Net.
1:01 of 2nd period - Shot by Colin Wilson.
1:01 of 2nd period - Shot Misses the Net.
1:03 of 2nd period - Shot by Jarome Iginla.
1:03 of 2nd period - Shot Misses the Net.
1:05 of 2nd period - Shot by Marc Staal.
1:05 of 2nd period - Stopped by Sergei Bobrovsky with a rebound.
1:07 of 2nd period - Shot by Jarome Iginla.
1:07 of 2nd period - Stopped by Sergei Bobrovsky without a rebound.
1:08 of 2nd period - Paul Stastny wins face-off versus Saku Koivu in Devils zone.
1:37 of 2nd period - Shot by Jason Pominville.
1:37 of 2nd period - Shot Misses the Net.
1:39 of 2nd period - Shot by Jay Bouwmeester.
1:39 of 2nd period - Stopped by Sergei Bobrovsky without a rebound.
1:40 of 2nd period - Patrik Elias wins face-off versus Saku Koivu in Devils zone.
1:41 of 2nd period - Shot by Zach Bogosian.
1:41 of 2nd period - Stopped by Sergei Bobrovsky with a rebound.
1:59 of 2nd period - Niklas Hjalmarsson is hit by Jarome Iginla and loses puck.
2:30 of 2nd period - Roman Josi is hit by Mike Weaver and loses puck.
2:44 of 2nd period - Mark Streit is hit by Mike Komisarek and loses puck.
3:07 of 2nd period - Shot by James van Riemsdyk.
3:07 of 2nd period - Stopped by Semyon Varlamov without a rebound.
3:08 of 2nd period - Saku Koivu wins face-off versus Marcel Goc in Stars zone.
4:17 of 2nd period - Shot by Tommy Wingels.
4:17 of 2nd period - Stopped by Semyon Varlamov without a rebound.
4:18 of 2nd period - Jonathan Huberdeau wins face-off versus Paul Stastny in Stars zone.
4:21 of 2nd period - Shot by James van Riemsdyk.
4:21 of 2nd period - Shot Blocked by Marc Staal.
5:22 of 2nd period - Sergei Gonchar is hit by Mike Komisarek and loses puck.
5:26 of 2nd period - Minor Penalty to Mike Komisarek for Slashing.
5:27 of 2nd period - Marcel Goc wins face-off versus James van Riemsdyk in Stars zone.
5:27 of 2nd period - Marcel Goc is hit by Artem Anisimov.
5:51 of 2nd period - Shot by Sergei Gonchar.
5:51 of 2nd period - Stopped by Semyon Varlamov without a rebound.
5:52 of 2nd period - Marcel Goc wins face-off versus Mark Letestu in Stars zone.
6:44 of 2nd period - Shot by Sergei Gonchar.
6:44 of 2nd period - Stopped by Semyon Varlamov with a rebound.
6:46 of 2nd period - Shot by Carl Hagelin.
6:46 of 2nd period - Stopped by Semyon Varlamov without a rebound.
6:47 of 2nd period - Paul Stastny wins face-off versus Artem Anisimov in Stars zone.
7:03 of 2nd period - Icing by Sergei Gonchar.
7:04 of 2nd period - Artem Anisimov wins face-off versus Marcel Goc in Devils zone.
7:23 of 2nd period - Shot by Artem Anisimov.
7:23 of 2nd period - Stopped by Semyon Varlamov without a rebound.
7:24 of 2nd period - Paul Stastny wins face-off versus Jonathan Huberdeau in Stars zone.
7:41 of 2nd period - Shot by Nikita Nikitin.
7:41 of 2nd period - Stopped by Semyon Varlamov with a rebound.
7:50 of 2nd period - Colin Wilson is hit by Nikita Nikitin and loses puck.
8:20 of 2nd period - Nikita Nikitin is hit by Jarome Iginla and loses puck.
8:43 of 2nd period - Shot by Jonathan Huberdeau.
8:43 of 2nd period - Stopped by Semyon Varlamov with a rebound.
8:45 of 2nd period - Shot by Brenden Dillon.
8:45 of 2nd period - Stopped by Semyon Varlamov without a rebound.
8:46 of 2nd period - Saku Koivu wins face-off versus Marcel Goc in Stars zone.
9:10 of 2nd period - Saku Koivu is hit by Jay Bouwmeester and loses puck.
9:11 of 2nd period - Minor Penalty to Zach Bogosian for High sticking.
9:12 of 2nd period - Mark Letestu wins face-off versus David Moss in Stars zone.
9:13 of 2nd period - Shot by Brenden Dillon.
9:13 of 2nd period - Stopped by Semyon Varlamov without a rebound.
9:14 of 2nd period - Marcel Goc wins face-off versus Mark Letestu in Stars zone.
9:23 of 2nd period - Shot by Mark Letestu.
9:23 of 2nd period - Shot Misses the Net.
9:25 of 2nd period - Shot by Brenden Dillon.
9:25 of 2nd period - Shot Blocked by Andy Greene.
9:27 of 2nd period - Shot by Jonathan Huberdeau.
9:27 of 2nd period - Shot Blocked by Andy Greene.
9:58 of 2nd period - Icing by Sergei Gonchar.
9:59 of 2nd period - Paul Stastny wins face-off versus Mark Letestu in Devils zone.
10:33 of 2nd period - Shot by James van Riemsdyk.
10:33 of 2nd period - Shot Blocked by David Moss.
10:37 of 2nd period - Shot by James van Riemsdyk.
10:37 of 2nd period - Shot Misses the Net.
10:39 of 2nd period - Shot by Nikita Nikitin.
10:39 of 2nd period - Shot Misses the Net.
11:10 of 2nd period - Off-side.
11:11 of 2nd period - Tyler Johnson wins face-off versus Derick Brassard in neutral zone.
11:26 of 2nd period - Shot by Trevor Lewis.
11:26 of 2nd period - Shot Misses the Net.
11:31 of 2nd period - Icing by Zach Bogosian.
11:32 of 2nd period - Vladimir Sobotka wins face-off versus Derick Brassard in Stars zone.
12:45 of 2nd period - Jason Pominville is hit by James van Riemsdyk and loses puck.
12:46 of 2nd period - Minor Penalty to Jonathan Huberdeau for Roughing.
12:47 of 2nd period - Paul Stastny wins face-off versus Saku Koivu in Devils zone.
12:56 of 2nd period - Shot by Marc Staal.
12:56 of 2nd period - Shot Misses the Net.
12:58 of 2nd period - Shot by Marc Staal.
12:58 of 2nd period - Stopped by Sergei Bobrovsky without a rebound.
12:59 of 2nd period - Paul Stastny wins face-off versus Vladimir Sobotka in Devils zone.
13:08 of 2nd period - Shot by Tyler Ennis.
13:08 of 2nd period - Stopped by Sergei Bobrovsky without a rebound.
13:09 of 2nd period - Tyler Ennis wins face-off versus Vladimir Sobotka in Devils zone.
13:18 of 2nd period - Shot by Zach Bogosian.
13:18 of 2nd period - Shot Misses the Net.
13:20 of 2nd period - Shot by Paul Stastny.
13:20 of 2nd period - Stopped by Sergei Bobrovsky without a rebound.
13:21 of 2nd period - Patrik Elias wins face-off versus Vladimir Sobotka in Devils zone.
13:26 of 2nd period - Shot by Patrik Elias.
13:26 of 2nd period - Shot Blocked by Brenden Dillon.
13:28 of 2nd period - Shot by Jay Bouwmeester.
13:28 of 2nd period - Shot Misses the Net.
13:30 of 2nd period - Shot by Roman Josi.
13:30 of 2nd period - Shot Blocked by Brenden Dillon.
13:32 of 2nd period - Shot by Jay Bouwmeester.
13:32 of 2nd period - Shot Blocked by Sergei Gonchar.
13:38 of 2nd period - Shot by Jarome Iginla.
13:38 of 2nd period - Stopped by Sergei Bobrovsky without a rebound.
13:39 of 2nd period - Tommy Wingels wins face-off versus Paul Stastny in Devils zone.
14:48 of 2nd period - Icing by Roman Josi.
14:49 of 2nd period - Jonathan Huberdeau wins face-off versus Keith Aucoin in Stars zone.
15:10 of 2nd period - Shot by Roman Josi.
15:10 of 2nd period - Stopped by Sergei Bobrovsky without a rebound.
15:11 of 2nd period - Saku Koivu wins face-off versus Derick Brassard in Devils zone.
15:18 of 2nd period - Marc Staal is hit by Artem Anisimov and loses puck.
15:42 of 2nd period - Shot by Saku Koivu.
15:42 of 2nd period - Stopped by Semyon Varlamov without a rebound.
15:43 of 2nd period - Jonathan Huberdeau wins face-off versus Paul Stastny in Stars zone.
16:11 of 2nd period - Shot by James van Riemsdyk.
16:11 of 2nd period - Shot Blocked by Mike Komisarek.
16:31 of 2nd period - Minor Penalty to Mike Komisarek for Hooking.
16:32 of 2nd period - Marcel Goc wins face-off versus Artem Anisimov in Stars zone.
16:38 of 2nd period - Icing by James van Riemsdyk.
16:39 of 2nd period - Marcel Goc wins face-off versus Artem Anisimov in Devils zone.
17:30 of 2nd period - Minor Penalty to Marcel Goc for Roughing.
17:31 of 2nd period - Mark Letestu wins face-off versus Paul Stastny in Stars zone.
18:07 of 2nd period - Shot by Nikita Nikitin.
18:07 of 2nd period - Stopped by Semyon Varlamov without a rebound.
18:08 of 2nd period - Artem Anisimov wins face-off versus David Moss in Stars zone.
18:25 of 2nd period - Shot by James van Riemsdyk.
18:25 of 2nd period - Shot Misses the Net.
18:27 of 2nd period - Shot by Brenden Dillon.
18:27 of 2nd period - Stopped by Semyon Varlamov with a rebound.
18:29 of 2nd period - Shot by Artem Anisimov.
18:29 of 2nd period - Shot Misses the Net.
18:31 of 2nd period - Shot by Brenden Dillon.
18:31 of 2nd period - Shot Blocked by Roman Josi.
18:47 of 2nd period - Alex Galchenyuk is hit by James van Riemsdyk and loses puck.
19:28 of 2nd period - Shot by Mark Letestu.
19:28 of 2nd period - Stopped by Semyon Varlamov without a rebound.
19:29 of 2nd period - Paul Stastny wins face-off versus Artem Anisimov in Stars zone.
19:55 of 2nd period - Shot by Trevor Lewis.
19:55 of 2nd period - Deflect By Tyler Johnson.
19:55 of 2nd period - Shot Misses the Net.

3rd period


0:01 of 3rd period - Paul Stastny wins face-off versus Jonathan Huberdeau in neutral zone.
0:15 of 3rd period - Icing by Marc Staal.
0:16 of 3rd period - Paul Stastny wins face-off versus Saku Koivu in Stars zone.
0:16 of 3rd period - Paul Stastny is hit by Artem Anisimov.
0:19 of 3rd period - Icing by Marc Staal.
0:20 of 3rd period - Jonathan Huberdeau wins face-off versus Paul Stastny in Stars zone.
0:24 of 3rd period - Icing by Andy Greene.
0:25 of 3rd period - Paul Stastny wins face-off versus Artem Anisimov in Stars zone.
0:25 of 3rd period - Paul Stastny is hit by Saku Koivu.
0:51 of 3rd period - Shot by Artem Anisimov.
0:51 of 3rd period - Goal by Artem Anisimov - Stars : 1 - Devils : 3.
0:52 of 3rd period - Derick Brassard wins face-off versus Jonathan Huberdeau in neutral zone.
0:52 of 3rd period - Patrik Elias is hit by Jonathan Huberdeau and loses puck.
1:09 of 3rd period - Shot by Jonathan Huberdeau.
1:09 of 3rd period - Stopped by Semyon Varlamov without a rebound.
1:10 of 3rd period - Paul Stastny wins face-off versus Saku Koivu in Stars zone.
1:16 of 3rd period - Icing by Marc Staal.
1:17 of 3rd period - Paul Stastny wins face-off versus Jonathan Huberdeau in Stars zone.
1:52 of 3rd period - Shot by James van Riemsdyk.
1:52 of 3rd period - Stopped by Semyon Varlamov without a rebound.
1:53 of 3rd period - Derick Brassard wins face-off versus Saku Koivu in Stars zone.
2:08 of 3rd period - Shot by Jarome Iginla.
2:08 of 3rd period - Shot Misses the Net.
2:18 of 3rd period - Shot by Carl Hagelin.
2:18 of 3rd period - Stopped by Semyon Varlamov with a rebound.
2:58 of 3rd period - Off-side.
2:59 of 3rd period - Paul Stastny wins face-off versus Jonathan Huberdeau in neutral zone.
3:38 of 3rd period - Shot by Jason Pominville.
3:38 of 3rd period - Stopped by Sergei Bobrovsky with a rebound.
3:43 of 3rd period - Off-side.
3:44 of 3rd period - Marcel Goc wins face-off versus Carl Hagelin in neutral zone.
4:06 of 3rd period - Roman Josi is hit by Nikita Nikitin and loses puck.
4:27 of 3rd period - Shot by Marcel Goc.
4:27 of 3rd period - Stopped by Sergei Bobrovsky without a rebound.
4:28 of 3rd period - Vladimir Sobotka wins face-off versus Derick Brassard in Devils zone.
4:28 of 3rd period - Vladimir Sobotka is hit by Jarome Iginla.
4:57 of 3rd period - Icing by Jarome Iginla.
4:58 of 3rd period - Jonathan Huberdeau wins face-off versus Derick Brassard in Stars zone.
5:15 of 3rd period - Shot by Jonathan Huberdeau.
5:15 of 3rd period - Stopped by Semyon Varlamov without a rebound.
5:16 of 3rd period - Saku Koivu wins face-off versus Paul Stastny in Stars zone.
5:23 of 3rd period - Shot by Carl Hagelin.
5:23 of 3rd period - Stopped by Semyon Varlamov without a rebound.
5:24 of 3rd period - Paul Stastny wins face-off versus Jonathan Huberdeau in Stars zone.
5:43 of 3rd period - Shot by Paul Stastny.
5:43 of 3rd period - Deflect By Colin Wilson.
5:43 of 3rd period - Stopped by Sergei Bobrovsky without a rebound.
5:44 of 3rd period - Derick Brassard wins face-off versus Carl Hagelin in Devils zone.
5:45 of 3rd period - Shot by Patrik Elias.
5:45 of 3rd period - Stopped by Sergei Bobrovsky without a rebound.
5:46 of 3rd period - Paul Stastny wins face-off versus Saku Koivu in Devils zone.
5:55 of 3rd period - Shot by Artem Anisimov.
5:55 of 3rd period - Shot Misses the Net.
6:11 of 3rd period - Shot by Carl Hagelin.
6:11 of 3rd period - Stopped by Semyon Varlamov without a rebound.
6:12 of 3rd period - James van Riemsdyk wins face-off versus Derick Brassard in Stars zone.
6:24 of 3rd period - Patrik Elias is hit by Brenden Dillon and loses puck.
6:25 of 3rd period - Minor Penalty to Brenden Dillon for Roughing.
6:26 of 3rd period - Paul Stastny wins face-off versus Vladimir Sobotka in Devils zone.
6:57 of 3rd period - Shot by Marc Staal.
6:57 of 3rd period - Stopped by Sergei Bobrovsky without a rebound.
6:58 of 3rd period - Patrik Elias wins face-off versus Carl Hagelin in Devils zone.
7:33 of 3rd period - Shot by Patrik Elias.
7:33 of 3rd period - Stopped by Sergei Bobrovsky without a rebound.
7:34 of 3rd period - Paul Stastny wins face-off versus Tommy Wingels in Devils zone.
7:37 of 3rd period - Shot by Marc Staal.
7:37 of 3rd period - Goal by Marc Staal - Stars : 2 - Devils : 3.
7:38 of 3rd period - Marcel Goc wins face-off versus James van Riemsdyk in neutral zone.
7:58 of 3rd period - Icing by Marc Staal.
7:59 of 3rd period - Marcel Goc wins face-off versus Saku Koivu in Stars zone.
8:57 of 3rd period - Andy Greene is hit by Nikita Nikitin and loses puck.
9:07 of 3rd period - Off-side.
9:08 of 3rd period - Vladimir Sobotka wins face-off versus Paul Stastny in neutral zone.
9:08 of 3rd period - Mark Streit is hit by Colin Wilson and loses puck.
9:13 of 3rd period - Mike Weaver is hit by Jason Pominville and loses puck.
9:51 of 3rd period - Colin Wilson is hit by Mike Weaver and loses puck.
10:21 of 3rd period - Off-side.
10:22 of 3rd period - Saku Koivu wins face-off versus Keith Aucoin in neutral zone.
10:41 of 3rd period - Sergei Gonchar is hit by Andy Greene and loses puck.
10:50 of 3rd period - Carl Hagelin is hit by David Moss and loses puck.
11:45 of 3rd period - Shot by Jonathan Huberdeau.
11:45 of 3rd period - Shot Misses the Net.
11:47 of 3rd period - Shot by James van Riemsdyk.
11:47 of 3rd period - Deflect By Mark Letestu.
11:47 of 3rd period - Goal by Mark Letestu - Stars : 2 - Devils : 4.
11:48 of 3rd period - Vladimir Sobotka wins face-off versus Jason Pominville in neutral zone.
12:09 of 3rd period - Shot by Jason Pominville.
12:09 of 3rd period - Stopped by Sergei Bobrovsky without a rebound.
12:10 of 3rd period - Tyler Ennis wins face-off versus Tyler Johnson in Devils zone.
13:22 of 3rd period - Jason Pominville is hit by Brenden Dillon and loses puck.
13:38 of 3rd period - Jason Pominville is hit by Brenden Dillon and loses puck.
13:48 of 3rd period - Icing by Brenden Dillon.
13:49 of 3rd period - Jonathan Huberdeau wins face-off versus Derick Brassard in Devils zone.
14:01 of 3rd period - Icing by Roman Josi.
14:02 of 3rd period - Saku Koivu wins face-off versus Derick Brassard in Stars zone.
15:17 of 3rd period - Shot by Zach Bogosian.
15:17 of 3rd period - Deflect By Jason Pominville.
15:17 of 3rd period - Shot Blocked by Niklas Hjalmarsson.
15:19 of 3rd period - Shot by Zach Bogosian.
15:19 of 3rd period - Stopped by Sergei Bobrovsky with a rebound.
15:29 of 3rd period - Shot by Paul Stastny.
15:29 of 3rd period - Shot Misses the Net.
15:31 of 3rd period - Shot by Jason Pominville.
15:31 of 3rd period - Goal by Jason Pominville - Stars : 3 - Devils : 4.
15:32 of 3rd period - Marcel Goc wins face-off versus Jonathan Huberdeau in neutral zone.
16:16 of 3rd period - Shot by Tyler Ennis.
16:16 of 3rd period - Shot Blocked by Brenden Dillon.
16:30 of 3rd period - Shot by Jarome Iginla.
16:30 of 3rd period - Shot Misses the Net.
16:56 of 3rd period - Shot by Derick Brassard.
16:56 of 3rd period - Shot Misses the Net.
16:58 of 3rd period - Shot by Derick Brassard.
16:58 of 3rd period - Goal by Derick Brassard - Stars : 4 - Devils : 4.
16:59 of 3rd period - Saku Koivu wins face-off versus Paul Stastny in neutral zone.
17:05 of 3rd period - Off-side.
17:06 of 3rd period - Paul Stastny wins face-off versus Saku Koivu in neutral zone.
18:10 of 3rd period - Minor Penalty to Vladimir Sobotka for Slashing.
18:11 of 3rd period - Patrik Elias wins face-off versus Saku Koivu in Devils zone.
18:33 of 3rd period - Shot by Marc Staal.
18:33 of 3rd period - Shot Misses the Net.
19:18 of 3rd period - Shot by Jason Pominville.
19:18 of 3rd period - Stopped by Sergei Bobrovsky without a rebound.
19:19 of 3rd period - Patrik Elias wins face-off versus Jonathan Huberdeau in Devils zone.

Overtime #1


0:01 of 1st overtime period - Saku Koivu wins face-off versus Paul Stastny in neutral zone.
0:31 of 1st overtime period - Shot by Paul Stastny.
0:31 of 1st overtime period - Stopped by Sergei Bobrovsky without a rebound.
0:32 of 1st overtime period - Saku Koivu wins face-off versus Paul Stastny in Devils zone.
0:38 of 1st overtime period - Icing by Niklas Hjalmarsson.
0:39 of 1st overtime period - Paul Stastny wins face-off versus Saku Koivu in Devils zone.
1:02 of 1st overtime period - Shot by Jason Pominville.
1:02 of 1st overtime period - Shot Misses the Net.
1:30 of 1st overtime period - Off-side.
1:31 of 1st overtime period - Patrik Elias wins face-off versus Artem Anisimov in neutral zone.
1:31 of 1st overtime period - Patrik Elias is hit by Vladimir Sobotka.
1:34 of 1st overtime period - Andy Greene is hit by Brenden Dillon and loses puck.
1:41 of 1st overtime period - Shot by Jarome Iginla.
1:41 of 1st overtime period - Stopped by Sergei Bobrovsky without a rebound.
1:42 of 1st overtime period - Vladimir Sobotka wins face-off versus Patrik Elias in Devils zone.
3:04 of 1st overtime period - Shot by Paul Stastny.
3:04 of 1st overtime period - Shot Misses the Net.
3:06 of 1st overtime period - Shot by Paul Stastny.
3:06 of 1st overtime period - Stopped by Sergei Bobrovsky without a rebound.
3:07 of 1st overtime period - Paul Stastny wins face-off versus Artem Anisimov in Devils zone.
3:07 of 1st overtime period - Jay Bouwmeester is hit by Brenden Dillon and loses puck.
3:12 of 1st overtime period - Shot by Jason Pominville.
3:12 of 1st overtime period - Goal by Jason Pominville - Stars : 5 - Devils : 4.


Output by the SimonT Hockey Simulator (STHS) for Stephane Roy -- Original Page W3C XHTML 1.0 Valid
Hockey Simulator - Hockey Simulation - Hockey Manager